 Dungeon Crawl Stone Soup version 0.24.0-123-gd5b16e6ec5 (webtiles) character file.

Game seed: 9683397496308497542, levelgen mode: deterministic

58 Curus the Slasher (level 3, 0/31 HPs)
             Began as a Minotaur Abyssal Knight on Jan 14, 2020.
             Was a Follower of Lugonu.
             Slain by a worker ant (5 damage)
             ... on level 2 of the Dungeon.
             The game lasted 00:04:11 (1208 turns).

Curus the Slasher (Minotaur Abyssal Knight)         Turns: 1208, Time: 00:04:11

Health: 0/31       AC:  3    Str: 14 (16) XL:     3   Next: 75%
Magic:  4/4        EV: 11    Int:  6 (9)  God:    Lugonu [*.....]
Gold:   118        SH:  0    Dex:  9 (10) Spells: 2/2 levels left

rFire    . . .     SeeInvis .   a - +2 falchion
rCold    . . .     Gourm    .   (no shield)
rNeg     . . .     Faith    .   b - +0 leather armour
rPois    .         Spirit   .   (helmet restricted)
rElec    .         Reflect  .   (no cloak)
rCorr    .         Harm     .   (no gloves)
MR       .....                  (no boots)
Stlth    ++........             (no amulet)
HPRegen  0.10/turn              e - ring of stealth
MPRegen  0.09/turn              (no ring)

@: no status effects
A: retaliatory headbutt, horns 2
a: Depart the Abyss, Renounce Religion


You were on level 2 of the Dungeon.
You worshipped Lugonu.
Lugonu was aware of your devotion.
You were not hungry.

You visited 1 branch of the dungeon, and saw 2 of its levels.
You visited the Abyss 1 time.

You collected 118 gold pieces.

Inventory:

Hand Weapons
 a - a +2 falchion (weapon)
Armour
 b - a +0 leather armour (worn)
Jewellery
 e - a ring of stealth (left hand)
Wands
 i - a wand of clouds (5)
Scrolls
 f - 2 scrolls of fear
 g - a scroll of identify
Potions
 d - a potion of curing
Comestibles
 c - 3 rations


   Skills:
 - Level 3.6 Fighting
 + Level 3.9 Long Blades
 - Level 2.4 Armour
 - Level 1.1 Dodging
 + Level 3.1 Invocations


You had 2 spell levels left.
You didn't know any spells.
Your spell library was empty.

Dungeon Overview and Level Annotations

Branches:
Dungeon (2/15)

Altars:


Innate Abilities, Weirdness & Mutations

You reflexively headbutt those who attack you in melee.
You have a pair of horns on your head.


Message History

The howler monkey skeleton is almost destroyed.
The howler monkey skeleton hits you.
You slash the howler monkey skeleton!
You destroy the howler monkey skeleton!
Lugonu accepts your kill.
You feel your dexterity returning.
You hit the worker ant.
The worker ant is moderately wounded.
The worker ant misses you.
You riposte.
You barely miss the worker ant.
The worker ant is moderately wounded.
You hit the worker ant but do no damage.
The worker ant is moderately wounded.
The worker ant bites you.
* * * LOW HITPOINT WARNING * * *
You slash the worker ant! You headbutt the worker ant.
The worker ant is almost dead.
The worker ant bites you.
* * * LOW HITPOINT WARNING * * *
The worker ant bites you.
You die...

)..# ...# .#.#.# ...#
.....#. ...# ###...?...
...# #?........ ...+
######......... ...#
#.............. ...#
#.###.....)a.......
####
#..........@......# #
######'##........# #
#.########### #
##+#######.## ##
###.....(.....####.###
...††................#
...................#..
............#..†#......
.###.#####+##..#...#...


You could see a worker ant.

Vanquished Creatures
  A howler monkey skeleton (D:2)
  An adder (D:2)
  4 dart slugs
  A leopard gecko (D:2)
  6 bats
  A giant cockroach (D:2)
  5 goblins
  5 hobgoblins
  A frilled lizard (D:1)
  A kobold (D:1)
  3 rats
29 creatures vanquished.

Notes
Turn   | Place    | Note
-------+----------+-------------------------------------------
     0 | Abyss:1  | Curus the Minotaur Abyssal Knight began the quest for the
                  | Orb.
     0 | Abyss:1  | Reached XP level 1. HP: 19/19 MP: 1/1
    90 | Abyss:1  | Noticed a thrashing horror
    93 | D:1      | Escaped the Abyss
   287 | D:1      | Reached XP level 2. HP: 26/26 MP: 2/2
   389 | D:1      | Reached * piety under Lugonu
  1090 | D:2      | Reached XP level 3. HP: 26/31 MP: 4/4
  1208 | D:2      | Slain by a worker ant

Levels and vault maps discovered:
D:1:      dpeg_arrival_three_same_balls, layout_basic
D:2:      layout_basic, tgw_trog, nicolae_overflow_hidden_temple,
          grunt_gozag_statues, hangedman_decor_opposing

Skill      XL: |  1  2  3 |
---------------+----------+-----
Invocations    | 2 3 |  3.1
Long Blades    | 3 |  3.9
Fighting       | |  3.6
Armour         | |  2.4
Dodging        | |  1.1

Action                   || total
-------------------------++-------
Melee: Falchion          ||    67
       Headbutt          ||     8
Invok: Depart the Abyss  ||     1
  Use: Potion            ||     4
       Scroll            ||     4
 Stab: Sleeping          ||     1
  Eat: Chunk             ||     1
Armor: Leather armour    ||    25
Dodge: Dodged            ||    40
       Rpst.: Falchion   ||    15
